 Dungeon Crawl Stone Soup version 0.26-a0-778-g3fe0686644 (webtiles) character file.

Game seed: 5396825112411029627

356 bande the Shield-Bearer (level 6, -5/38 HPs)
             Began as a Gargoyle Fighter on Nov 10, 2020.
             Slain by Pikel
             ... wielding a +2 whip of flaming
              (7 damage)
             ... on level 4 of the Dungeon.
             The game lasted 00:06:11 (3483 turns).

bande the Shield-Bearer (Gargoyle Fighter)          Turns: 3483, Time: 00:06:11

Health: -5/38      AC: 11    Str: 21    XL:     6   Next: 63%
Magic:  6/6        EV:  8    Int:  8    God:
Gold:   113        SH:  9    Dex: 10    Spells: 5/5 levels left

rFire    . . .     SeeInvis .   a - +0 war axe
rCold    . . .     Faith    .   c - +0 kite shield
rNeg     + . .     Spirit   .   b - +0 scale mail
rPois    ∞         Reflect  .   (no helmet)
rElec    +         Harm     .   (no cloak)
rCorr    .         Rampage  .   (no gloves)
MR       .....                  (no boots)
Stlth    ..........             (no amulet)
HPRegen  0.12/turn              (no ring)
MPRegen  0.10/turn              (no ring)

@: no status effects
A: negative energy resistance 1, electricity resistance, unbreathing,
petrification resistance, rot immunity, AC +4
a: no special abilities


You were on level 4 of the Dungeon.
You visited 1 branch of the dungeon, and saw 4 of its levels.

You collected 113 gold pieces.

Inventory:

Hand Weapons
 a - a +0 war axe (weapon)
 h - a +2 mace of draining
Armour
 b - a +0 scale mail (worn)
 c - a +0 kite shield (worn)
Wands
 n - a wand of iceblast (7)
Scrolls
 d - a scroll of fog {unknown}
 e - 3 scrolls of enchant armour {unknown}
 f - 5 scrolls of teleportation {unknown}
 g - a scroll of remove curse {unknown}
 i - 4 scrolls of identify {unknown}
 j - 2 scrolls of magic mapping {unknown}
 k - 3 scrolls of amnesia {unknown}
 l - 2 scrolls of enchant weapon {unknown}
Potions
 m - a potion of haste
 o - a potion of might
 p - a potion of resistance {unknown}


   Skills:
 + Level 3.9 Fighting
 + Level 4.2 Axes
 + Level 4.1 Armour
 + Level 1.2 Dodging
 + Level 4.2 Shields
 * Level 1.8 Evocations


You had 5 spell levels left.
You didn't know any spells.
Your spell library was empty.

Dungeon Overview and Level Annotations

Branches:
Dungeon (4/15)
 Temple: D:4-7

Altars:
Yredelemnul

Annotations:
D:4 Pikel


Innate Abilities, Weirdness & Mutations

You are resistant to torment.
Your stone body is resilient. (AC +4)
You are immune to poison.
You resist negative energy. (rN+)
You are resistant to electric shocks. (rElec)
You can survive without breathing.
You are immune to petrification.
You are immune to rotting.


Message History

Pikel is moderately wounded.
Pikel hits you but does no damage.
You hit Pikel but do no damage.
Pikel is moderately wounded.
Pikel cracks his whip.
You block Pikel's attack.
Pikel hits you with a +2 whip of flaming.
Pikel burns you.
* * * LOW HITPOINT WARNING * * *
You slash Pikel!
Pikel is heavily wounded.
Pikel hits you with a +2 whip of flaming.
* * * LOW HITPOINT WARNING * * *
Pikel burns you.
* * * LOW HITPOINT WARNING * * *
Unknown command.
You slash Pikel!
Pikel is almost dead.
Pikel hits you with a +2 whip of flaming!
You die...

≈P≈# #..........#
≈≈P##
#####...#..########
≈P..#
##.....####.#......<
P≈P.####..#####
##..†.# P.#.##..>##
#.....# ###....###
##.#...# #.....##
#..#...# ..#####
#.###..# ....>...
#@# #..# #######.
#K# #.# # 55# .. ..
55## .. ## ... #...
#.## #.


You could see Pikel and 4 lemures.

Vanquished Creatures
  A scorpion (D:4)
  An orc priest (D:3)
  5 orc wizards
  3 adders (D:2)
  4 gnolls (D:2)
  A worm (D:3)
  A dart slug (D:1)
  4 leopard geckos
  12 orcs
  9 bats
  5 giant cockroaches
  6 goblins
  7 hobgoblins
  11 kobolds
  A quokka (D:3)
  A ball python (D:3)
  7 frilled lizards
  11 rats
90 creatures vanquished.

Notes
Turn   | Place    | Note
-------+----------+-------------------------------------------
     0 | D:1      | bande the Gargoyle Fighter began the quest for the Orb.
     0 | D:1      | Reached XP level 1. HP: 14/14 MP: 1/1
   149 | D:1      | Reached XP level 2. HP: 19/19 MP: 2/2
   642 | D:1      | Reached XP level 3. HP: 21/23 MP: 3/3
  1047 | D:2      | Found a basalt altar of Yredelemnul.
  1444 | D:2      | Reached XP level 4. HP: 28/28 MP: 4/4
  1844 | D:3      | Reached XP level 5. HP: 26/32 MP: 5/5
  1945 | D:3      | HP: 1/32 [something/magic dart (9)]
  1948 | D:3      | Reached skill level 1 in Dodging
  1948 | D:3      | Reached skill level 1 in Evocations
  3057 | D:3      | Reached XP level 6. HP: 29/38 MP: 6/6
  3467 | D:4      | Noticed Pikel
  3483 | D:4      | Slain by Pikel

Illustrated notes

Levels and vault maps discovered:
D:1:      lightli_arrival_isolated_outpost, layout_basic
D:2:      layout_basic, corexii_item_surrounded_by_moat,
          yredelemnul_altar_generic
D:3:      layout_basic
D:4:      layout_rooms, serial_bayou_lagoon_a, chequers_garden, uniq_pikel

Skill      XL: |  1  2  3  4  5  6 |
---------------+-------------------+-----
Axes           | 2 3 4 |  4.2
Dodging        | 1 |  1.2
Evocations     | 1 |  1.8
Shields        | 4 |  4.2
Armour         | 4 |  4.1
Fighting       | |  3.9

Action                   |  1- 3 |  4- 6 || total
-------------------------+-------+-------++-------
Melee: War axe           |   107 |   225 ||   332
  Use: Potion            |     3 |     3 ||     6
Armor: Scale mail        |    72 |   165 ||   237
Dodge: Dodged            |    42 |    80 ||   122
Block: Kite shield       |    72 |   115 ||   187

Table legend: (Time is in decaauts)
 A = Elapsed time spent in this place.
 B = Non-inter-level travel time spent in this place.
 C = Inter-level travel time spent in this place.
 D = Time resting spent in this place.
 E = Time spent auto-exploring this place.
 F = Levels seen in this place.
 G = Mean time per level.
                   A        B        C        D        E       F      G
               +--------+--------+--------+--------+--------+-----+--------+
         Total |   3619 |   3619 |      0 |    793 |   1906 |   4 |  904.8 |
       Dungeon |   3619 |   3619 |      0 |    793 |   1906 |   4 |  904.8 |
               +--------+--------+--------+--------+--------+-----+--------+

Top non-repeatable levels by time:
     D:3: 1562 daAuts
     D:1: 1297 daAuts
     D:2: 593 daAuts
     D:4: 167 daAuts
